 Dungeon Crawl Stone Soup version 0.17-a0-1830-g81820eb (console) character file.

107441 Illiel the Unseen (level 16, -4/79 HPs)
             Began as a Spriggan Enchanter on Sept 14, 2015.
             Was the Champion of Ashenzari.
             Slain by a salamander
             ... wielding a +0 spear
              (15 damage)
             ... on level 3 of the Snake Pit.
             The game lasted 03:51:56 (30886 turns).

Illiel the Unseen (Spriggan Enchanter)             Turns: 30886, Time: 03:51:57

Health: -4/79      AC: 10    Str:  8    XL:     16   Next: 0%
Magic:  4/32       EV: 29    Int: 25    God:    Ashenzari [******]
Gold:   500        SH:  0    Dex: 17    Spells: 9 memorised, 2 levels left

rFire  . . .     SeeInvis +     w - +8 quick blade (elec) (curse)
rCold  . . .     Clarity  +     E - +0 robe of the Equator {rN+ rCorr Int+6 Stlth-} (curse)
rNeg   + . .     SustAt   .     (shield restricted)
rPois  +         Gourm    .     y - +2 hat {MR+} (curse)
rElec  +         Spirit   .     n - +2 cloak {rPois} (curse)
rCorr  +         Warding  .     (gloves unavailable)
rMut   .         Stasis   .     (boots unavailable)
MR     +++..                    V - amulet "Ruebrul" {rF+ rC- Regen+ SInv Stlth+} (curse)
Stlth  +++++++++.               p - ring of ice (curse)
                                S - ring of Egomania {rElec AC+3} (curse)

@: constricted, very quick, extremely resistant to hostile enchantments,
incredibly stealthy
A: unfitting armour, see invisible, herbivore 3, speed 3, slow metabolism 2
a: Scrying, Transfer Knowledge, Renounce Religion


You were on level 3 of the Snake Pit.
You worshipped Ashenzari.
Ashenzari was exalted by your worship.
You were not hungry.

You visited 4 branches of the dungeon, and saw 29 of its levels.
You also visited: Trove, Sewer, Ossuary and Ice Cave.

You collected 3403 gold pieces.
You spent 2903 gold pieces at shops.

Inventory:

Hand weapons
 w - a cursed +8 quick blade of electrocution (weapon)
Armour
 n - a cursed +2 cloak of poison resistance (worn)
 y - a cursed +2 hat of magic resistance (worn)
 E - the cursed +0 robe of the Equator (worn) {rN+ rCorr Int+6 Stlth-}
   (You found it in a treasure trove)

   It affects your intelligence (+6).
   It protects you from negative energy.
   It protects you from acid and corrosion.
   It makes you less stealthy.
   It has a curse placed upon it.
Jewellery
 k - an uncursed amulet of guardian spirit
 o - an uncursed ring of flight
 p - a cursed ring of ice (right hand)
 G - an uncursed ring of sustain attributes
 K - an uncursed ring of stealth
 S - the cursed ring of Egomania (left hand) {rElec AC+3}
   (You found it in a treasure trove)

   [ring of protection]

   It affects your AC (+3).
   It insulates you from electricity.
   It has a curse placed upon it.
 T - an uncursed ring of positive energy
 V - the cursed amulet "Ruebrul" (around neck) {rF+ rC- Regen+ SInv Stlth+}
   (You found it in a treasure trove)

   [amulet of regeneration]

   It protects you from fire.
   It makes you vulnerable to cold.
   It lets you see invisible.
   It increases your rate of regeneration.
   It makes you more stealthy.
   It has a curse placed upon it.
Magical devices
 v - a wand of invisibility (3)
 F - a wand of cold (3)
 O - a wand of draining (5)
Scrolls
 a - a scroll of blinking
 e - 9 scrolls of teleportation
 i - 7 scrolls of identify
 l - 10 scrolls of remove curse
 u - 6 scrolls of fear
 x - 3 scrolls of curse armour
 I - 2 scrolls of amnesia
 J - 3 scrolls of magic mapping
 L - 4 scrolls of fog
 X - 4 scrolls of curse jewellery
 Y - 5 scrolls of curse weapon
 Z - a scroll of holy word
Potions
 c - a potion of invisibility
 f - 4 potions of brilliance
 g - 5 potions of might
 h - 6 potions of agility
 j - 2 potions of ambrosia
 m - 5 potions of flight
 q - 5 potions of heal wounds
 r - 3 potions of haste
 t - 2 potions of cancellation
 A - 3 potions of magic
 B - 6 potions of lignification
 C - a potion of resistance
 Q - 2 potions of curing
Books
 s - a book of Enchantments

   Spells                             Type                      Level
   a - Cause Fear                     Hexes                        4
   b - Silence                        Hexes/Air                    5
   c - Deflect Missiles               Charms/Air                   6
   d - Haste                          Charms                       6
   e - Discord                        Hexes                        8
Miscellaneous
 D - a box of beasts {used: 6}
 M - a phial of floods
 W - a fan of gales
Comestibles
 b - 3 royal jellies
 d - 13 bread rations
 H - 17 fruits


   Skills:
 + Level 6.6 Fighting
 + Level 13.4(17.5) Short Blades
 + Level 12.2(16.3) Dodging
 * Level 18.9(22.5) Stealth
 + Level 11.8 Spellcasting
 * Level 15.4(19.4) Hexes
 * Level 5.4(9.9) Summonings
 - Level 3.1(7.0) Ice Magic
 + Level 11.7(15.9) Evocations


You had 2 spell levels left.
You knew the following spells:

 Your Spells              Type           Power        Failure   Level  Hunger
a - Corona                Hex            #######      0%          1    None
b - Ensorcelled Hibernat  Hex/Ice        ######       1%          2    None
c - Dazzling Spray        Conj/Hex       ######..     1%          3    None
d - Tukima's Dance        Hex            #######.     0%          3    None
e - Summon Demon          Summ           ######....   1%          5    ###....
i - Confuse               Hex            #######.     0%          3    None
l - Discord               Hex            #######...   12%         8    #######
M - Monstrous Menagerie   Summ           ######....   14%         6    #####..
V - Summon Mana Viper     Hex/Summ       ######..     1%          5    ###....


Dungeon Overview and Level Annotations

Branches:
Dungeon (14/15)            Temple (0/1) D:7            Lair (8/8) D:8
 Shoals (0/4) Lair:5        Snake (3/4) Lair:4        Slime (0/6) Lair:6
    Orc (4/4) D:12            Elf (0/3) Orc:4
 Vaults: D:13-14

Altars:
Ashenzari
Cheibriados
Dithmenos
Elyvilon
Fedhas
Kikubaaqudgha
Makhleb
Nemelex Xobeh
Okawaru
Vehumet
Xom
Yredelemnul
Jiyva

Shops:
D:13 (   Orc:3 %}*   Orc:4 (:[*   Snake:2 !


Innate Abilities, Weirdness & Mutations

You are tiny and cannot use many weapons and most armour.
You have supernaturally acute eyesight.
You are a herbivore.
You cover ground extremely quickly.
You need consume almost no food.


Message History

Your sixfirhy shocks the naga warrior!
The naga mage completely misses you. The salamander misses you.
Your sixfirhy hits the naga warrior but does no damage.
The naga completely misses you. The naga grabs you. The naga constricts you.
Casting: Confuse
Confirm with . or Enter, or press ? or * to list all spells.
Aiming: Confuse
Press: ? - help, Shift-Dir - straight line, f - naga, p - naga warrior
Aim: a naga, wielding a battleaxe and wearing a robe (constricting you, catching its breath, chance to defeat MR: 70%)
The naga struggles to resist.
The naga warrior blocks your sixfirhy's attack. x2
Your sixfirhy hits the naga warrior.
Your sixfirhy shocks the naga warrior!
The guardian serpent casts a spell.
The naga mage blinks!
The naga warrior blinks!
The naga warrior hits you with a flail!!
* * * LOW HITPOINT WARNING * * *
The naga mage misses you. The salamander hits you with a spear!
* * * LOW HITPOINT WARNING * * *
You are engulfed in flames!
You die... ░ ░ ░ ▒▒▒▒▒▒░ ░▒▒ ░ ░ ∙∙∙∙∙∙▒▒▒▒▒▒ ▒▒ ▒∙▒ ·░ ░ ∙∙∙∙∙∙∙∙▒▒∙▒ ▒∙▒▒▒∙▒░ ░·░ ░· ·∙∙∙∙∙S∙∙∙∙∙▒▒ ░▒∙▒∙∙▒ ░░ ░ ·∙∙∙∙∙∙∙#∙∙∙∙▒▒▒▒▒▒∙∙∙▒▒ ░ ···∙∙∙∙∙∙#NN∙∙∙∙∙▒▒∙∙∙∙∙∙▒▒▒ · ·∙∙∙∙∙∙∙N@∙∙∙∙∙^∙∙∙∙∙▒▒∙∙∙ ░ ∙∙∙∙∙∙4∙∙N∙∙∙∙∙∙∙∙∙▒▒▒▒∙^ ░·· ·∙∙∙∙∙∙$∙∙∙∙∙∙∙∙∙∙∙∙∙∙∙∙∙∙ ░░····∙∙∙∙∙∙∙∙∙∙∙∙∙∙∙∙∙∙∙∙∙∙∙∙∙ · ∙∙∙∙∙∙∙∙∙∙∙∙∙∙∙∙∙∙∙∙∙∙∙∙∙

░· ·
·∙∙∙∙∙∙∙∙∙∙∙∙∙∙∙∙∙∙∙∙∙∙∙∙∙
···
▒∙∙∙∙∙∙∙∙∙∙∙∙∙∙∙∙∙∙∙∙∙∙∙∙
·· ··░░
▒∙∙∙∙∙∙∙∙∙∙∙∙∙∙∙∙∙∙∙∙∙∙∙ ░
· ·░
░░∙∙∙∙∙∙∙∙∙∙∙∙∙∙∙∙∙∙∙∙∙∙∙
░ ░
·▒▒▒∙>∙∙∙∙∙∙▒▒▒▒∙∙∙∙∙∙∙ ░
·· ░░ ··· ░··░··∙∙∙∙∙ ·
··· ░ ░░░ · ░···∙∙∙∙ ·
··░░· ░ ░·· · ■ ░··· ∙∙
░·· · ░ · · ····· ··· · ∙
· ·· · ░░ ░░ · ····· ∙ · ·
···· ····· · ··· ·· · ∙ ·
░· · ··· · · ·· · · ∙∙


You could see a naga warrior, a salamander, a guardian serpent, a naga mage, a
naga and a friendly sixfirhy.

Vanquished Creatures
  2 azure jellies (Lair:6)
  An orc warlord (Orc:4)
  Nessos (Lair:5)
  The ghost of Nattefrost the Impaler, a powerful MfGl of Fedhas (Lair:6)
  5 hydras
  4 naga warriors
  The ghost of wont the Slinger, a powerful FoWr of Cheibriados (Lair:2)
  A queen ant (D:13)
  2 anacondas
  2 shock serpents (Snake:2)
  2 death yaks (Lair:8)
  3 orc high priests (Orc:4)
  4 naga sharpshooters
  The ghost of LordVetinari the Geomancer, an experienced DEEE of Vehumet (D:11)
  3 ice statues (IceCv)
  2 unseen horrors
  A hill giant (D:11)
  A wolf spider zombie (D:13)
  2 salamanders (Snake:2)
  2 mana vipers
  An orc knight (Orc:4)
  4 orc sorcerers
  A cyclops (D:13)
  4 griffons
  Maurice (Orc:2)
  29 elephants
  5 komodo dragons
  8 naga magi
  13 black mambas
  A gargoyle (D:10)
  13 spiny frogs
  A spriggan druid (Lair:8)
  3 fire drakes
  3 trolls
  2 efreet (D:13)
  8 polar bears (Lair:8)
  A freezing wraith (D:14)
  A two-headed ogre (D:12)
  14 blink frogs
  5 slime creatures (D:12)
  A deep elf mage (D:11)
  5 redbacks (Lair:8)
  A trapdoor spider (shapeshifter) (D:13)
  Sigmund (D:5)
  11 spriggans (Lair:8)
  45 yaks
  3 wyverns
  2 basilisks
  5 vampire mosquitoes (D:13)
  2 hungry ghosts
  33 wolves
  2 wargs
  12 hippogriffs
  Menkaure (D:5)
  14 nagas
  2 sky beasts
  21 soldier ants (D:13)
  10 water moccasins
  An eye of draining (D:12)
  11 porcupines
  18 orc warriors
  A phantom (D:8)
  4 wasps (Lair:8)
  7 ogres
  2 black bears (Lair:8)
  19 ice beasts
  A necrophage (D:6)
  The ghost of DecibelRebel the Poker, an average MfSk (D:4)
  7 centaurs
  28 crocodiles
  14 giant frogs
  4 big kobolds
  A brain worm (Lair:3)
  6 killer bees (D:9)
  4 scorpions
  An electric eel (D:6)
  A troll skeleton (D:10)
  A vampire bat (Lair:4)
  3 spriggan skeletons (D:10)
  5 crimson imps
  A wasp zombie (D:13)
  5 giant frog zombies
  A jelly (D:10)
  7 hounds
  4 centaur zombies
  8 centaur skeletons
  3 giant frog skeletons
  19 orc priests
  27 orc wizards
  6 iguanas
  30 worker ants
  11 sheep
  2 big kobold zombies (Ossuary)
  5 mummies (Ossuary)
  2 worker ant zombies
  10 adders
  36 river rats
  9 gnolls
  5 shadow imps
  3 oozes
  2 worms (D:2)
  An adder skeleton (D:6)
  2 adder zombies
  125 orcs
  8 ball pythons
  9 bats
  9 giant cockroaches
  A gnoll zombie (Ossuary)
  3 hobgoblins
  16 jackals
  28 kobolds
  2 quokkas
  6 giant geckos
  4 giant newts
  3 goblins
  A hobgoblin zombie (Ossuary)
  2 kobold zombies (Ossuary)
  2 orc zombies (Ossuary)
  A quokka zombie (D:7)
  23 rats
  2 fungi (Lair:7)
  2 plants
916 creatures vanquished.

Vanquished Creatures (collateral kills)
  Rupert (Orc:3)
  The ghost of CainoCity the Impaler, a mighty MiFi of Okawaru (Lair:8)
  An anaconda (Snake:1)
  The ghost of aves the Cleaver, a powerful VSFi of Trog (D:10)
  An orc high priest (Orc:4)
  3 death yaks (Lair:8)
  A salamander mystic (Snake:2)
  A naga ritualist (Snake:1)
  3 orc knights
  A hill giant (D:9)
  An orc sorcerer (Orc:4)
  2 salamanders
  A griffon (Lair:8)
  2 mana vipers (Snake:1)
  2 elephants (Lair:7)
  4 naga magi
  3 black mambas (Snake:1)
  A gargoyle (D:11)
  A troll (Orc:3)
  A polar bear (Lair:8)
  A two-headed ogre (D:10)
  2 wolves (Lair:8)
  2 basilisks (Lair:8)
  A spriggan (Lair:8)
  5 nagas
  20 orc warriors
  3 black bears (Lair:8)
  3 ogres
  A crocodile (Lair:8)
  9 orc wizards
  6 orc priests
  A gnoll (D:3)
  4 river rats (Lair:8)
  40 orcs
130 creatures vanquished.

Vanquished Creatures (others)
  9 dancing weapons
  An elephant (Lair:7)
  A quokka (D:4)
  25 fungi
  7 plants
43 creatures vanquished.

Grand Total: 1089 creatures vanquished

Notes
Turn   | Place    | Note
--------------------------------------------------------------
     0 | D:1      | Illiel the Spriggan Enchanter began the quest for the Orb.
     0 | D:1      | Reached XP level 1. HP: 9/9 MP: 5/5
   188 | D:1      | Reached XP level 2. HP: 13/13 MP: 6/6
   199 | D:1      | Learned a level 2 spell: Ensorcelled Hibernation
   606 | D:2      | Reached XP level 3. HP: 16/16 MP: 3/8
   692 | D:2      | Reached skill level 5 in Stealth
   715 | D:2      | Learned a level 3 spell: Confuse
  1037 | D:2      | Reached XP level 4. HP: 18/21 MP: 10/10
  1365 | D:3      | Found a shattered altar of Ashenzari.
  1408 | D:3      | Found an ancient bone altar of Kikubaaqudgha.
  1408 | D:3      | Found a shattered altar of Ashenzari.
  1434 | D:3      | Found a glowing drain.
  1436 | D:3      | Reached skill level 6 in Stealth
  1454 | Sewer    | Entered a sewer
  1559 | Sewer    | Learned a level 3 spell: Tukima's Dance
  1568 | Sewer    | Noticed a big kobold
  1571 | Sewer    | Killed a big kobold
  1571 | Sewer    | Reached XP level 5. HP: 24/24 MP: 4/11
  1792 | Sewer    | Reached skill level 5 in Hexes
  1990 | Sewer    | Reached XP level 6. HP: 12/28 MP: 4/13
  2624 | D:3      | Reached skill level 7 in Stealth
  2803 | D:3      | Became a worshipper of Ashenzari the Shackled
  2893 | D:3      | Learned a level 3 spell: Dazzling Spray
  3822 | D:4      | Noticed DecibelRebel's ghost (average MfSk)
  3824 | D:4      | Reached skill level 1 in Evocations
  3824 | D:4      | Reached XP level 7. HP: 32/32 MP: 14/14
  3840 | D:4      | Killed DecibelRebel's ghost
  4104 | D:4      | Found a shadowy altar of Dithmenos.
  4168 | D:4      | Found a white marble altar of Elyvilon.
  4295 | D:5      | Entered Level 5 of the Dungeon
  4421 | D:5      | Found a sparkling altar of Nemelex Xobeh.
  4622 | D:5      | Reached skill level 5 in Short Blades
  4714 | D:5      | Noticed Sigmund
  4810 | D:5      | Killed Sigmund
  4810 | D:5      | Reached skill level 8 in Stealth
  4810 | D:5      | Reached skill level 5 in Spellcasting
  4810 | D:5      | Reached XP level 8. HP: 30/36 MP: 9/16
  4956 | D:5      | Noticed Menkaure
  4967 | D:5      | Killed Menkaure
  5202 | D:6      | Found a sand-covered staircase.
  5209 | Ossuary  | Entered an ossuary
  5676 | D:6      | Found a basalt altar of Yredelemnul.
  5757 | D:6      | Reached skill level 9 in Stealth
  5795 | D:6      | Reached skill level 1 in Ice Magic
  6318 | D:7      | Found a burning altar of Makhleb.
  6411 | D:7      | Found a radiant altar of Vehumet.
  6423 | D:7      | Reached XP level 9. HP: 35/39 MP: 18/18
  6530 | D:7      | Acquired Ashenzari's first power
  6821 | D:7      | Found a staircase to the Ecumenical Temple.
  7052 | D:8      | Found a staircase to the Lair.
  7052 | D:8      | Noticed an elephant
  7107 | D:8      | Killed an elephant
  7107 | D:8      | Reached skill level 10 in Stealth
  7107 | D:8      | Reached skill level 5 in Evocations
  7636 | D:8      | Found an iron altar of Okawaru.
  7810 | D:9      | Found a blossoming altar of Fedhas.
  7932 | D:9      | Reached skill level 1 in Fighting
  7990 | D:9      | Reached skill level 11 in Stealth
  7990 | D:9      | Reached XP level 10. HP: 45/45 MP: 21/21
  8197 | D:9      | Found a snail-covered altar of Cheibriados.
  8538 | D:10     | Entered Level 10 of the Dungeon
  8560 | D:10     | Noticed aves's ghost (powerful VSFi)
  8577 | D:10     | Killed aves's ghost
  8856 | D:10     | Found a portal to a secret trove of treasure.
  9144 | D:10     | Reached skill level 12 in Stealth
  9251 | D:10     | Reached skill level 5 in Dodging
  9357 | D:10     | Reached skill level 10 in Hexes
  9519 | Lair:1   | Entered Level 1 of the Lair of Beasts
  9601 | Lair:1   | Acquired Ashenzari's second power
 10239 | Lair:2   | Noticed a griffon
 10245 | Lair:2   | Killed a griffon
 10245 | Lair:2   | Reached XP level 11. HP: 49/51 MP: 20/23
 10271 | Lair:2   | Noticed wont's ghost (powerful FoWr)
 10311 | Lair:2   | Killed wont's ghost
 10332 | Lair:2   | Noticed a black mamba
 10382 | Lair:2   | Noticed an elephant
 10383 | Lair:2   | Noticed an elephant
 10385 | Lair:2   | Noticed an elephant
 10385 | Lair:2   | Noticed an elephant
 10439 | Lair:2   | Killed a black mamba
 10764 | Lair:2   | Noticed a black mamba
 10771 | Lair:2   | Killed a black mamba
 10975 | Lair:2   | Killed an elephant
 11002 | Lair:2   | Killed an elephant
 11002 | Lair:2   | Reached skill level 13 in Stealth
 11028 | Lair:2   | Killed an elephant
 11581 | Lair:2   | Acquired Ashenzari's third power
 11941 | Lair:2   | Reached skill level 10 in Short Blades
 12070 | Lair:3   | Found a frozen archway.
 12105 | IceCv    | Entered an ice cave
 12116 | IceCv    | Identified the +1 chain mail of Zin's Condemnation {rF+ Str+4 Dex+2}
 12181 | IceCv    | Noticed an ice statue
 12181 | IceCv    | Noticed an ice statue
 12186 | IceCv    | Noticed an ice statue
 12201 | IceCv    | Killed an ice statue
 12201 | IceCv    | Reached XP level 12. HP: 56/56 MP: 8/25
 12227 | IceCv    | Killed an ice statue
 12238 | IceCv    | Killed an ice statue
 12238 | IceCv    | Reached skill level 14 in Stealth
 12550 | Lair:3   | Noticed an eight-headed hydra
 12559 | Lair:3   | Killed an eight-headed hydra
 13092 | Lair:4   | Acquired Ashenzari's fourth power
 13245 | Lair:4   | Found a staircase to the Snake Pit.
 13422 | Lair:4   | Noticed a seven-headed hydra
 13443 | Lair:4   | Killed a seven-headed hydra
 13875 | Lair:4   | Reached skill level 15 in Stealth
 14438 | Lair:5   | Found a staircase to the Shoals.
 14449 | Lair:5   | Noticed a seven-headed hydra
 14481 | Lair:5   | Killed a seven-headed hydra
 14554 | Lair:5   | Noticed Nessos
 14563 | Lair:5   | Killed Nessos
 14563 | Lair:5   | Reached XP level 13. HP: 49/63 MP: 15/27
 15337 | Lair:6   | Found a runed door.
 15337 | Lair:6   | Found a viscous altar of Jiyva.
 15337 | Lair:6   | Found a staircase to the Slime Pits.
 15337 | Lair:6   | Noticed an azure jelly
 15337 | Lair:6   | Noticed an azure jelly
 15342 | Lair:6   | Killed an azure jelly
 15343 | Lair:6   | Killed an azure jelly
 15450 | Lair:6   | Reached skill level 5 in Fighting
 15817 | Lair:6   | Acquired Ashenzari's fifth power
 15818 | Lair:6   | Noticed Nattefrost's ghost (powerful MfGl)
 15914 | Lair:6   | Killed Nattefrost's ghost
 16121 | Lair:6   | Reached skill level 16 in Stealth
 16238 | Lair:6   | Reached skill level 10 in Spellcasting
 16435 | Lair:7   | Reached skill level 10 in Evocations
 16500 | Lair:7   | Reached skill level 10 in Dodging
 17459 | Lair:7   | Reached XP level 14. HP: 68/68 MP: 8/29
 17805 | Lair:7   | Learned a level 6 spell: Monstrous Menagerie
 18044 | Lair:8   | Entered Level 8 of the Lair of Beasts
 18302 | Lair:8   | Noticed CainoCity's ghost (mighty MiFi)
 19262 | D:11     | Noticed LordVetinari's ghost (experienced DEEE)
 19280 | D:11     | Killed LordVetinari's ghost
 19438 | D:12     | Reached skill level 17 in Stealth
 19463 | D:12     | Found a shimmering altar of Xom.
 19617 | D:12     | Identified a scroll of acquirement
 19639 | D:12     | Identified the cursed +0 plate armour "Eddo" {Dex+4}
 19849 | D:12     | Reached skill level 1 in Summonings
 19861 | D:12     | Found a staircase to the Orcish Mines.
 20076 | Orc:1    | Entered Level 1 of the Orcish Mines
 20587 | Orc:2    | Noticed Maurice
 20609 | Orc:2    | Killed Maurice
 20631 | Orc:2    | Identified the +1 hand axe "Beriaxk Reff" {freeze, rC++}
 20631 | Orc:2    | Identified the +8 whip of Blind Justice {flame, *Confuse Dex+2 Stlth+}
 21398 | Orc:3    | Found Qiroket's Gadget Shop.
 21735 | Orc:3    | Found Sain's General Store.
 21754 | Orc:3    | Bought a potion of curing for 39 gold pieces
 22032 | Orc:4    | Entered Level 4 of the Orcish Mines
 22116 | Orc:4    | Found a staircase to the Elven Halls.
 22761 | Orc:4    | Noticed an orc warlord
 23940 | Orc:3    | Found Zekuror's Food Shop.
 23944 | Orc:3    | Noticed Rupert
 23978 | Orc:3    | Killed Rupert
 24402 | Orc:4    | Killed an orc warlord
 24643 | Orc:4    | Found Botusm's General Store.
 24644 | Orc:4    | Found Ischem's Book Emporium.
 24645 | Orc:4    | Found Lyhoitam's Antique Armour Emporium.
 24645 | Orc:4    | Found Ymopnut's Antique Weapon Shoppe.
 24649 | Orc:4    | Bought a glowing hat for 136 gold pieces
 24656 | Orc:4    | Bought a bloodstained dagger for 217 gold pieces
 24656 | Orc:4    | Identified the +6 dagger of Might {pierce, SInv} (You bought it in a shop on level 4 of the Orcish Mines)
 24667 | Orc:4    | Bought a scroll of brand weapon for 340 gold pieces
 24667 | Orc:4    | Bought a potion of curing for 51 gold pieces
 24677 | Orc:4    | Bought a book of Summonings for 770 gold pieces
 24677 | Orc:4    | Bought a book of Callings for 330 gold pieces
 24682 | Orc:4    | Learned a level 4 spell: Summon Ice Beast
 24882 | D:11     | Identified the +1 hand axe "Beriaxk Reff" {freeze, rC++}
 24925 | D:9      | Noticed a hill giant
 24934 | D:9      | Killed a hill giant
 25593 | Lair:8   | Reached XP level 15. HP: 67/73 MP: 12/31
 26140 | Lair:8   | Reached skill level 18 in Stealth
 26558 | Lair:8   | Killed CainoCity's ghost
 27491 | D:13     | Identified the +10 trident of Tortfeasance {holy, rN+ Int+2}
 27882 | D:13     | Found Haut's Weapon Shoppe.
 27918 | D:13     | Identified the +8 rapier of Urowieta {drain, *Confuse +Blink Int+3}
 28240 | D:13     | Reached skill level 15 in Hexes
 28658 | Orc:4    | Bought 3 scrolls of brand weapon for 1020 gold pieces
 28929 | Snake:1  | Entered Level 1 of the Snake Pit
 29220 | D:10     | You paid a toll of 17 potions of curing to enter a treasure trove
 29221 | Trove    | Entered a treasure trove
 29243 | Trove    | Identified the cursed +0 robe of the Equator {rN+ rCorr Int+6 Stlth-}
 29255 | Trove    | Identified the ring of Egomania {rElec AC+3}
 29256 | Trove    | Identified the +1 mottled dragon armour "Buydgh" {+Blink Int+3 Slay+2}
 29270 | Trove    | Identified the amulet "Ruebrul" {rF+ rC- Regen+ SInv Stlth+}
 29447 | Lair:1   | Learned a level 5 spell: Summon Demon
 30013 | Snake:2  | Found Ithranes's Distillery.
 30057 | Snake:2  | Reached skill level 5 in Summonings
 30328 | Lair:1   | Learned a level 5 spell: Summon Mana Viper
 30761 | Snake:3  | Learned a level 8 spell: Discord
 30838 | Snake:3  | Reached XP level 16. HP: 79/79 MP: 7/32
 30886 | Snake:3  | Slain by a salamander

Vault maps used:
D:1:      dpeg_arrival_windows_large_door, serial_corexii_hall,
          corexii_hall_statues_l, corexii_hall_statues_i
D:2:      first_bread
D:3:      gammafunk_temple_overflow_elements, portal_sewer_entry_b,
          ashenzari_altar_1
D:4:      grunt_dithmenos_smoke_and_mirrors, elyvilon_altar_4, minmay_ruptured
D:5:      overflow_temple_1_default, uniq_sigmund, uniq_menkaure
D:6:      kennysheep_little_box, nicolae_ossuary_entry_ruins, lightli_minifort
D:7:      vehumet_crystals, kennysheep_mini, temple_hall, grunt_ministairs_5
D:8:      okawaru_metal_pillars_1_2, david_lair_generic
D:9:      overflow_temple_1_default, lemuel_doored_altar, spider_trap,
          amalloy_card_club
D:10:     enter_trove_6, hangedman_tell_no_tales
D:12:     hiddenorc1_lemuel, basic_altar
D:13:     serial_shops, nicolae_shop_waterfront, minivault_29
D:14:     erik_vaults_1
Lair:1:   patterned_corridor
Lair:2:   lemuel_fruit_fields
Lair:3:   portal_ice_cave_entry_ice_beasts, nicolae_lair_grove_arrangements,
          beast_lair_carwin_9, serial_bayou_shore_b
Lair:4:   minmay_snake_entry_guardpost_medium, roderic_batcave,
          grunt_megastairs_3
Lair:5:   minmay_shoals_entry_centaurs, serial_bayou_shore_b, uniq_nessos
Lair:6:   slime_altar_2, minivault_27, serial_bayou_shore_b, grunt_megastairs_2,
          lemuel_fruit_tree
Lair:7:   mu_elephants_graveyard
Lair:8:   minmay_lair_end_enchanted_forest
Snake:2:  serial_shops, shop, nicolae_snake_shapes
Snake:3:  nrook_guardian_serpent_ordinary
Orc:2:    nicolae_orc_accident_1, uniq_maurice
Orc:3:    serial_shops, nicolae_shop_stone, shop, nicolae_shop_crystal,
          nicolae_orc_pool_cavern, uniq_rupert
Orc:4:    st_orc_congregation, nicolae_orc_tapped_out
Trove:    trove_garden
Sewer:    sewer_minmay_treatment
Ossuary:  ossuary_crypta
IceCv:    ice_cave_statue_garden_02

Action                   |  1- 3 |  4- 6 |  7- 9 | 10-12 | 13-15 | 16-18 || total
-------------------------+-------+-------+-------+-------+-------+-------++-------
Melee: Dagger            |    64 |   238 |   291 |   391 |    25 |       ||  1009
       Short sword       |       |       |       |       |   235 |       ||   235
       Quick blade       |       |       |       |       |  1027 |       ||  1027
 Cast: Corona            |     7 |     7 |       |     1 |       |       ||    15
       Ensorcelled Hiber |    15 |    48 |    38 |   127 |   199 |       ||   427
       Tukima's Dance    |       |     3 |     9 |     5 |    75 |       ||    92
       Confuse           |       |       |    34 |    84 |   241 |     2 ||   361
       Dazzling Spray    |       |       |     7 |    11 |     7 |       ||    25
       Summon Ice Beast  |       |       |       |       |    19 |       ||    19
       Summon Demon      |       |       |       |       |     8 |     1 ||     9
Evoke: Wand              |       |       |     1 |    23 |    11 |       ||    35
       Box of beasts     |       |       |       |       |     6 |       ||     6
  Use: Scroll            |       |    14 |     9 |    12 |    26 |       ||    61
       Potion            |       |     1 |     1 |     4 |       |       ||     6
 Stab: Sleeping          |    14 |    55 |    63 |   143 |   251 |       ||   526
       Confused          |       |       |    21 |    38 |   111 |       ||   170
       Distracted        |       |       |     4 |     6 |    13 |       ||    23
       Invisible         |       |       |     1 |     3 |     3 |       ||     7
  Eat: Bread ration      |       |     1 |     1 |     1 |     2 |       ||     5
       Fruit             |       |       |       |     1 |       |       ||     1
       Royal jelly       |       |       |       |     2 |       |       ||     2
       Pizza             |       |       |       |       |     2 |       ||     2
